 Dungeon Crawl Stone Soup version 0.21.1 (webtiles) character file.

63 Mesmaeker13 the Charmwright (level 3, 0/30 HPs)
             Began as a Demigod Skald on Feb 3, 2018.
             Succumbed to an adder's poison
             ... on level 2 of the Dungeon.
             The game lasted 00:02:02 (1121 turns).

Mesmaeker13 the Charmwright (Demigod Skald)         Turns: 1121, Time: 00:02:03

Health: 0/30       AC:  4    Str: 16    XL:     3   Next: 61%
Magic:  5/8        EV: 12    Int: 17    God:
Gold:   57         SH:  0    Dex: 15    Spells: 4/5 levels left

rFire    . . .     SeeInvis .   a - +0 falchion
rCold    . . .     Gourm    .   (no shield)
rNeg     . . .     Faith    .   b - +0 leather armour
rPois    .         Spirit   .   g - +0 helmet
rElec    .         Reflect  .   (no cloak)
rCorr    .         Harm     .   (no gloves)
MR       .....                  (no boots)
Stlth    ..........             (no amulet)
HPRegen  0.10/turn              k - ring of loudness (curse)
MPRegen  0.11/turn              (no ring)

@: lethally poisoned (0 -> -10), infused, very slightly contaminated
A: high mp 1
a: no special abilities


You were on level 2 of the Dungeon.
You were not hungry.

You visited 1 branch of the dungeon, and saw 2 of its levels.

You collected 57 gold pieces.

Inventory:

Hand Weapons
 a - a +0 falchion (weapon)
Armour
 b - a +0 leather armour (worn)
 g - a +0 helmet (worn)
Jewellery
 k - a cursed ring of loudness (left hand)
Potions
 e - a potion of might
 f - a potion of flight {unknown}
 h - a potion of haste {unknown}
 j - a potion of lignification {unknown}
 l - a potion of ambrosia {unknown}
 m - a potion of curing {unknown}
Books
 c - a book of Battle

   Spells                             Type                      Level
   a - Infusion                       Charms                       1
   b - Shroud of Golubria             Charms/Translocation         2
   c - Song of Slaying                Charms                       2
   d - Spectral Weapon                Hexes/Charms                 3
   e - Regeneration                   Charms/Necromancy            3
Comestibles
 d - 4 rations
 i - a chunk of flesh


   Skills:
 + Level 2.4 Fighting
 + Level 2.4 Long Blades
 + Level 1.7 Armour
 - Level 1.7 Dodging
 - Level 1.7 Spellcasting
 + Level 3.2 Charms


You had 4 spell levels left.
You knew the following spells:

 Your Spells              Type           Power        Failure   Level  Hunger
a - Infusion              Chrm           ##..         6%          1    #......


Dungeon Overview and Level Annotations

Branches:
Dungeon (2/15)


Innate Abilities, Weirdness & Mutations

You have an increased reservoir of magic. (+10% MP)


Message History

The adder barely misses you.
Unknown command.
Casting: Infusion
Confirm with . or Enter, or press ? or * to list all spells.
You extend your infusion's duration.
* * * LOW HITPOINT WARNING * * *
You feel sick. The adder misses you.
* * * LOW HITPOINT WARNING * * *
You feel sick. The adder bites you.
* * * LOW HITPOINT WARNING * * *
You completely miss the adder.
The adder is heavily wounded.
* * * LOW HITPOINT WARNING * * *
You feel sick. The adder barely misses you.
You riposte.
You closely miss the adder.
The adder is heavily wounded.
The adder closely misses you.
You miss the adder.
The adder is heavily wounded.
You die...

.....#.#.##.#..####.#
#...#...##.##.#....# .
#.........(..[..###. ..
#...#..###.#........ ...
#......##...........
....#.##.......#........
...........###.#........
......##.### #.#.#....<.
......S@.# #)#.##.....
......#.## #.#.#......
..#.# ... #.#.#...... #
..### #...#...... #..
#..###..... ##. ...
##...# #. .<.# ###.. #.
.# ##


You could see an adder.

Vanquished Creatures
  3 adders (D:2)
  An ooze (D:2)
  2 worms (D:2)
  2 leopard geckos (D:1)
  A giant cockroach (D:1)
  2 goblins
  3 hobgoblins
  6 kobolds
  3 bats
  3 rats
26 creatures vanquished.

Notes
Turn   | Place    | Note
-------+----------+-------------------------------------------
     0 | D:1      | Mesmaeker13 the Demigod Skald began the quest for the Orb.
     0 | D:1      | Reached XP level 1. HP: 17/17 MP: 5/5
   195 | D:1      | Reached skill level 1 in Armour
   329 | D:1      | Reached XP level 2. HP: 7/24 MP: 4/7
   815 | D:2      | Reached skill level 3 in Charms
   918 | D:2      | Reached XP level 3. HP: 26/29 MP: 4/8
  1120 | D:2      | HP: 1/30 [poisoned by an adder]
  1121 | D:2      | Succumbed to an adder's poison

Skill      XL: |  1  2 |
---------------+-------+-----
Armour         | 1 |  1.7
Long Blades    | 2 |  2.4
Fighting       | 2 |  2.4
Charms         | 3 |  3.2
Dodging        | |  1.7
Spellcasting   | |  1.7

Action                   || total
-------------------------++-------
Melee: Falchion          ||    63
 Cast: Infusion          ||    15
  Use: Scroll            ||     5
  Eat: Chunk             ||     1
Armor: Leather armour    ||    20
Dodge: Dodged            ||    46
       Rpst.: Falchion   ||    14
